 Dungeon Crawl Stone Soup version 0.31-b1-17-gcfd88c8481 (webtiles) character file.

Game seed: 9137538176520235565

1576540 Strat the Slayer (level 26, 259/259 HPs)
             Began as a Green Draconian Alchemist on Jan 15, 2024.
             Was the Champion of Dithmenos.
             Escaped with the Orb
             ... and 3 runes!
             The game lasted 04:42:33 (77410 turns).

Strat the Slayer (Green Draconian Alchemist)       Turns: 77410, Time: 04:42:33

Health: 259/259    AC: 27    Str: 17    XL:     26   Next: 18%
Magic:  63/63      EV: 18    Int: 24    God:    Dithmenos [******]
Gold:   4913       SH:  6    Dex: 13    Spells: 11/62 levels left

rFire   + . .        a - +18 lance "Wyrmbane" {slay drac, rPois rF+ rC+ AC+3}
rCold   + + +        r - +1 buckler {AC+3}
rNeg    + + +        (body armour unavailable)
rPois   +            E - +2 hat of the Unbroken {Slay+2}
rElec   +            C - +2 cloak {Will+}
rCorr   +            j - +1 pair of gloves of Bellicose Wonder {Fly rN+}
SInv    +            F - +0 pair of boots of Circular Logic {rN+ Str+3 SInv}
Will    ++++.        W - amulet of Juham {rC+ Regen+ MP+9}
Stlth   +++          Z - ring of the Genius {rN+ Will+ Dex+3 Slay+3}
HPRegen 1.43/turn    D - ring of Syzuuthy {rElec rCorr}
MPRegen 0.38/turn

%: no passive effects
@: maw-form, flying, wreathed by umbra, studying 2 skills
A: devouring maw, breathe noxious fumes, AC +12, unfitting armour, stinger 2,
poison resistance, cold-blooded, clumsy 1, cold resistance 1, dopey 1, shaggy
fur 1, subdued magic 1, inability to drink after injury 1, inability to read
after injury 1
0: Orb of Zot
}: 3/15 runes: decaying, serpentine, silver
a: Breathe Noxious Fumes, Begin Untransformation, Renounce Religion, Shadow
Step, Shadow Form


You escaped.
You worshipped Dithmenos.
Dithmenos was exalted by your worship.
You were a creature with a mouth for a stomach.
You visited 12 branches of the dungeon, and saw 52 of its levels.
You also visited: Ossuary, Bailey, Gauntlet and Wizlab.

You collected 9421 gold pieces.
You spent 4508 gold pieces at shops.

Inventory:

Hand Weapons
 a - the +18 lance "Wyrmbane" (weapon) {slay drac, rPois rF+ rC+ AC+3}
   (You took it off Maggie on level 8 of the Dungeon)

   AC+3:      It affects your AC (+3).
   rF+:       It protects you from fire.
   rC+:       It protects you from cold.
   rPois:     It protects you from poison
Armour
 j - the +1 pair of gloves of Bellicose Wonder (worn) {Fly rN+}
   (You found it on level 5 of the Vaults)

   rN+:       It protects you from negative energy.
   Fly:       It grants you flight.
 r - a +1 buckler of protection (worn)
 C - a +2 cloak of willpower (worn)
 E - the +2 hat of the Unbroken (worn) {Slay+2}
   (You found it in a Gauntlet)

   Slay+2:    It affects your accuracy & damage with ranged weapons and melee
   (+2).
 F - the +0 pair of boots of Circular Logic (worn) {rN+ Str+3 SInv}
   (You found it in a Gauntlet)

   Str+3:     It affects your strength (+3).
   rN+:       It protects you from negative energy.
   SInv:      It lets you see invisible.
Jewellery
 f - a ring of see invisible
 h - the amulet of the Raven {Spirit rC+ Will+ Str+3 Stlth+}
   (You took it off a deep elf demonologist on level 3 of the Elven Halls)

   [amulet of guardian spirit]

   Spirit:    It causes incoming damage to be divided between your reserves of
   health and magic.
   Str+3:     It affects your strength (+3).
   rC+:       It protects you from cold.
   Will+:     It increases your willpower.
   Stlth+:    It makes you more stealthy.
 i - a +5 ring of evasion
 x - the ring of Ascent {+Blink rPois rC++ rN+}
   (You took it off a guardian mummy on level 3 of the Crypt)

   [ring of positive energy]

   rC++:      It greatly protects you from cold.
   rPois:     It protects you from poison rN+: It protects you from negative
   energy.
   +Blink:    It lets you blink.
 D - the ring of Syzuuthy (right hand) {rElec rCorr}
   (You found it on level 13 of the Dungeon)

   [ring of resist corrosion]

   rElec:     It insulates you from electricity.
   rCorr:     It protects you from acid and corrosion.
 R - the dreamshard necklace {Acrobat *Dream}
   (You found it on level 15 of the Dungeon)

   [amulet of the acrobat]

   *Dream:    It absorbs a single lethal wound into itself, holding its wearer
   just short of death and releasing dream-creatures to guard them.
   Acrobat:   It increases your evasion while moving and waiting.
 W - the amulet of Juham (around neck) {rC+ Regen+ MP+9}
   (You took it off a naga mage on level 1 of the Snake Pit)

   [amulet of regeneration]

   rC+:       It protects you from cold.
   MP+9:      It affects your magic capacity (+9).
   Regen+:    It increases your rate of health regeneration.
 Z - the ring of the Genius (left hand) {rN+ Will+ Dex+3 Slay+3}
   (You bought it in a shop on level 2 of the Orcish Mines)

   [ring of willpower]

   Dex+3:     It affects your dexterity (+3).
   Slay+3:    It affects your accuracy & damage with ranged weapons and melee
   (+3).
   rN+:       It protects you from negative energy.
   Will+:     It increases your willpower.
Talismans
 H - the maw talisman of Fortification (active) {Will+ MP+9 Int+2}
   (You found it on level 4 of the Lair of Beasts)

   [maw talisman]

   Int+2:     It affects your intelligence (+2).
   Will+:     It increases your willpower.
   MP+9:      It affects your magic capacity (+9).
Wands
 c - a wand of roots (49)
 A - a wand of paralysis (62)
 L - a wand of mindburst (57)
 M - a wand of polymorph (24)
 P - a wand of flame (92)
 S - a wand of light (48)
 Y - a wand of digging (10)
Scrolls
 b - 3 scrolls of torment
 l - a scroll of vulnerability
 o - 11 scrolls of immolation
 t - 6 scrolls of fog
 y - 4 scrolls of enchant armour
 z - 27 scrolls of teleportation
 B - 7 scrolls of revelation
 J - a scroll of enchant weapon
 K - a scroll of silence
 O - 7 scrolls of butterflies
 T - 7 scrolls of fear
 X - 11 scrolls of poison
Potions
 d - 4 potions of might
 e - 3 potions of magic
 g - 6 potions of invisibility
 k - 12 potions of enlightenment
 m - 3 potions of mutation
 n - 5 potions of haste
 p - 13 potions of curing
 q - 3 potions of berserk rage
 s - 9 potions of brilliance
 u - a potion of lignification
 v - 2 potions of heal wounds
 w - 3 potions of ambrosia
 I - 8 potions of cancellation
Miscellaneous
 U - a box of beasts


   Skills:
 + Level 25.5 Fighting
 - Level 1.5 Short Blades
 - Level 12.0 Polearms
 - Level 14.0 Dodging
 - Level 10.0 Stealth
 - Level 5.0 Shields
 + Level 18.5 Spellcasting
 - Level 2.0 Conjurations
 - Level 2.0 Hexes
 - Level 15.0 Summonings
 - Level 15.0 Translocations
 - Level 2.0 Air Magic
 - Level 16.2 Alchemy
 - Level 10.0 Invocations
 - Level 4.9 Evocations
 - Level 18.7 Shapeshifting


You had 11 spell levels left.
You knew the following spells:

 Your Spells              Type           Power      Damage    Failure   Level
a - Swiftness             Air            24%        N/A       2%          3
b - Mercury Vapours       Alch/Air       100%       N/A       1%          2
c - Mephitic Cloud        Conj/Alch/Air  41%        N/A       1%          3
d - Olgreb's Toxic Radia  Alch           67%        N/A       1%          4
e - Sticky Flame          Fire/Alch      47%        2d9       1%          4
f - Apportation           Tloc           100%       N/A       0%          1
g - Irradiate             Conj/Alch      25%        3d20      1%          5
h - Passage of Golubria   Tloc           64%        N/A       1%          4
i - Dispersal             Tloc           32%        N/A       1%          6
j - Malign Gateway        Summ/Tloc      32%        N/A       3%          7
k - Summon Mana Viper     Hex/Summ       48%        N/A       1%          5
l - Yara's Violent Unrav  Hex/Alch       25%        3d11      1%          5
m - Blink                 Tloc           100%       N/A       0%          2

Your spell library contained the following spells:

 Spells                   Type           Power      Damage    Failure   Level
 Summon Small Mammal      Summ           100%       N/A       0%          1
 Call Imp                 Summ           100%       N/A       0%          2
 Lesser Beckoning         Tloc           100%       N/A       0%          2
 Gell's Gravitas          Tloc           64%        N/A       0%          3
 Teleport Other           Tloc           64%        N/A       0%          3
 Foxfire                  Conj/Fire      80%        2x1d8     1%          1
 Magic Dart               Conj           96%        1d7       1%          1
 Necrotise                Necr           68%        1d7       1%          1
 Sandblast                Erth           34%        2d9       1%          1
 Sting                    Conj/Alch      100%       1d9       1%          1
 Cigotuvi's Dreadful Rot  Necr/Alch/Air  78%        N/A       1%          2
 Ensorcelled Hibernation  Hex/Ice        40%        N/A       1%          2
 Jinxbite                 Hex            48%        N/A       1%          2
 Fulminant Prism          Conj/Alch      25%        3d14      1%          4
 Ignite Poison            Fire/Alch      47%        N/A       1%          4
 Leda's Liquefaction      Alch/Erth      23%        N/A       1%          4
 Manifold Assault         Tloc           64%        N/A       1%          4
 Martyr's Knell           Necr/Summ      44%        N/A       1%          4
 Petrify                  Alch/Erth      47%        N/A       1%          4
 Summon Blazeheart Golem  Fire/Summ      44%        N/A       1%          4
 Summon Lightning Spire   Summ/Air       48%        N/A       1%          4
 Vhi's Electric Charge    Tloc/Air       96%        N/A       1%          4
 Alistair's Intoxication  Alch           44%        N/A       1%          5
 Summon Forest            Summ/Tloc      32%        N/A       1%          5
 Eringya's Noxious Bog    Alch           33%        4d6       1%          6
 Summon Cactus Giant      Summ           32%        N/A       1%          6
 Dazzling Flash           Conj/Hex       48%        N/A       2%          3
 Tukima's Dance           Hex            24%        N/A       2%          3
 Scorch                   Fire           34%        2d6       3%          2
 Sublimation of Blood     Necr           17%        N/A       3%          2
 Summon Hydra             Summ           32%        N/A       3%          7
 Inner Flame              Hex/Fire       20%        N/A       4%          3
 Stone Arrow              Conj/Erth      40%        3d9       4%          3
 Frozen Ramparts          Ice            34%        1d6       7%          3
 Fugue of the Fallen      Necr           17%        N/A       7%          3
 Ozocubu's Armour         Ice            17%        N/A       7%          3
 Passwall                 Erth           17%        N/A       7%          3
 Cause Fear               Hex            12%        N/A       10%         4
 Sculpt Simulacrum        Ice/Alch       23%        N/A       13%         6
 Anguish                  Hex/Necr       10%        N/A       16%         4
 Brom's Barrelling Bould  Conj/Erth      20%        2d4       16%         4
 Flame Wave               Conj/Fire      20%        2d7       16%         4
 Animate Dead             Necr           17%        N/A       24%         4
 Dispel Undead            Necr           17%        3d10      24%         4
 Silence                  Hex/Air        12%        N/A       30%         5
 Disjunction              Tloc           32%        N/A       32%         8
 Summon Horrible Things   Summ           32%        N/A       32%         8
 Freezing Cloud           Conj/Ice/Air   11%        6-21      36%         5
 Fireball                 Conj/Fire      10%        3d6       41%         5
 Metabolic Englaciation   Hex/Ice        10%        N/A       41%         5
 Spellforged Servitor     Conj/Summ      24%        N/A       54%         7
 Borgnjor's Vile Clutch   Necr/Erth      8%         N/A       56%         5
 Curse of Agony           Necr           17%        N/A       56%         5
 Lee's Rapid Deconstruct  Erth           8%         3d7*      56%         5
 Conjure Ball Lightning   Conj/Air       12%        3x3d6     86%         6
 Bombard                  Conj/Erth      10%        9d2       95%         6
 Plasma Beam              Fire/Air       10%        2x1d21    95%         6
 Starburst                Conj/Fire      10%        6d5       95%         6
 Death Channel            Necr           8%         N/A       99%         6
 Dragon's Call            Summ           32%        N/A       99%         9
 Orb of Destruction       Conj           12%        9d7       100%        7
 Ozocubu's Refrigeration  Ice            8%         4d9       100%        7
 Discord                  Hex            12%        N/A       100%        8
 Lehudib's Crystal Spear  Conj/Erth      10%        10d4      100%        8
 Shatter                  Erth           8%         3d10*     100%        9


Dungeon Overview and Level Annotations

Branches:
Dungeon (15/15)            Temple (1/1) D:4            Lair (5/5) D:9
  Swamp (4/4) Lair:2        Snake (4/4) Lair:2        Slime (0/5) Lair:4
    Orc (2/2) D:12            Elf (3/3) Orc:2        Vaults (5/5) D:13
  Crypt (3/3) Vaults:3       Tomb (0/3) Crypt:3      Depths (4/4) D:15
   Hell (visited)             Zot (5/5) Depths:4    Ossuary (visited)
 Bailey (visited)          WizLab (visited)         Gauntlet (visited)
    Dis: Hell:1         Geh: Hell:1         Coc: Hell:1         Tar: Hell:1

Altars:
Ashenzari
Cheibriados
Dithmenos
Elyvilon
Fedhas
Gozag
Hepliaklqana
Kikubaaqudgha
Makhleb
Nemelex Xobeh
Okawaru
Qazlal
Ru
Sif Muna
Trog
Uskayaw
Vehumet
Wu Jian
Xom
Yredelemnul
Zin
The Shining One
Jiyva
Lugonu

Shops:
D:1 !:(   Orc:2 [([=[   Elf:2 *   Snake:2 (*   Vaults:1 *   Vaults:3 *[*(
Zot:2 *   Depths:2 ?   Depths:3 ::=   Depths:4 ![:

Portals:
Hell: Depths:1 Depths:2 Depths:3 Depths:4
Abyss: Depths:1 Depths:2 Depths:3
Pandemonium: Depths:2 Depths:3
Ziggurat: Depths:2

Annotations:
D:2 1 runed translucent door, Crazy Yiuf
D:13 4 runed translucent doors, Dittersdorf's ghost, journeyman MiBe
Swamp:4 3 runed translucent doors, Zatibaps's ghost, journeyman FeAl
Snake:2 1 runed translucent door
Elf:2 2 transporters, 3 runed translucent doors, Emurch's ghost, adept MiBe
Depths:4 1 exclusion, Parghit
Hell Geryon
Zot:3 3 runed translucent doors, Cyqimiab's ghost, legendary MfGl
Zot:4 Josephina


Innate Abilities, Weirdness & Mutations

You are a creature with a mouth for a stomach.
Your midsection houses a second, enormous mouth.
You can breathe blasts of noxious fumes.
Your lurid green scales are hard. (AC +12)
You cannot fit into any form of body armour.
Your tail ends in a sharp venomous barb.
Your system is resistant to poisons. (rPois)
You are cold-blooded and may be slowed by cold attacks.
You are clumsy. (Dex -2)
Your flesh is cold resistant. (rC+)
You are dopey. (Int -2)
You are covered in fur. (AC +1)
Your spells are a little easier to cast, but a little less powerful.
You occasionally lose the ability to drink potions when taking damage.
You occasionally lose the ability to read scrolls when taking damage.


Message History

The cacodemon gestures at you. The bolt of devastation misses you.
Faitwaet comes into view.
Some rock shatters into small pieces.
There is a stone staircase leading up here.
You fly upwards.
There is a stone staircase leading down here.
A balrug and 3 sun demons come into view.
The sun demon moves out of view.
The balrug gestures at you. Something smites you!
There is a stone staircase leading up here.
You fly upwards.
There is a stone staircase leading down here.
HP restored.
You see here a +0 club.
You see here 5 stones.
There is an escape hatch in the ceiling here.
A mysterious force pulls you upwards. The hatch slams shut behind you.
Level annotation: 1 runed translucent door, Crazy Yiuf An Orb Guardian comes into view.
You feel yourself speed up.
There is a stone staircase leading up here.
You fly upwards.
There is a stone staircase leading down here.
An Orb Guardian comes into view.
You see here a +0 dagger.
A rakshasa comes into view. It is wielding a +0 long sword.
The rakshasa hits you with a +0 long sword!
The rakshasa closely misses you.
The rakshasa weaves an illusion.
Your extra speed is starting to run out.
There is a fountain of clear blue water here.
There is a dry fountain here.
You feel yourself slow down.
A Brimstone Fiend comes into view.
The rakshasa blinks!
The Brimstone Fiend moves out of view.
There is a staircase leading out of the dungeon here.
HP restored.
You have escaped!

#.#######....#...............####
..........###................#
........###..........).......#
............###..............#
........#..## #..............#
..........## ##............##
###......## #####........##
#.....#######.>.##.....########
#...#.[#..##..W..##.......)....
#...##...##.......###>#.#######
#.).....##..⌠...⌠..##.).......#
#..######...........###.#####..
#..# ##.⌠....X....⌠.##..# ##⌠.
##.# ##..(............##.###..∩
###..###..⌠...⌠.X.⌠...⌠..####..⌠.
....X##........1..R.......##..###
.....#.)....⌠.......⌠......#.####


You could see a Brimstone Fiend, 2 Orb Guardians and a rakshasa.

Vanquished Creatures
  2 dread liches
  5 orbs of fire (Zot:5)
  An ancient lich (Crypt:3)
  A juggernaut (Depths:3)
  3 Killer Klowns (Zot:5)
  Vashnia (Snake:4)
  2 curse toes
  A caustic shrike (Depths:3)
  11 golden dragons
  the Enchantress (Depths:2)
  Norris (Vaults:3)
  2 electric golems
  Jorgrun (Swamp:2)
  6 liches
  9 tentacled monstrosities
  A walking crystal tome (Depths:3)
  18 Orb Guardians (Zot:5)
  12 quicksilver dragons
  2 deep elf blademasters (Elf:3)
  4 titans
  2 deep elf master archers (Elf:3)
  4 sphinxes
  8 ancient champions
  3 death cobs
  2 thorn hunters
  Aizul (Elf:1)
  14 storm dragons
  5 shadow dragons
  8 tengu reavers
  6 revenants
  Donald (Swamp:2)
  4 nagarajas
  10 draconian monks
  6 protean progenitors
  A fenstrider witch (Swamp:3)
  6 draconian knights
  3 deep elf sorcerers
  6 fire giants
  2 draconian scorchers
  5 frost giants
  4 draconian shifters
  An iron dragon (Depths:3)
  A balrug (Depths:3)
  17 vault wardens
  A ghost moth (Zot:5)
  A caustic shrike zombie (Crypt:3)
  3 deep elf elementalists (Elf:3)
  6 draconian annihilators
  5 ghouls
  3 curse skulls
  11 ironbound preservers
  2 reapers (Crypt:2)
  6 orc warlords
  3 formless jellyfish
  13 stone giants
  6 spriggan defenders
  2 draconian stormcallers
  5 ironbound thunderhulks
  4 vampire knights
  18 very ugly things
  15 purple draconians
  12 black draconians
  7 deep elf demonologists
  10 eleionomae
  5 deep elf death magi (Elf:3)
  10 deep elf annihilators
  Nessos (Lair:5)
  6 yellow draconians
  3 dire elephants
  5 bunyips
  A minotaur (Gauntlet)
  9 red draconians
  11 white draconians
  19 green draconians
  4 spark wasps (Depths:3)
  4 war gargoyles
  6 eidola
  8 ettins
  2 mummy priests (Crypt:3)
  A green death (Depths:2)
  9 jiangshi
  12 yaktaur captains
  10 fire dragons
  2 entropy weavers (Vaults:2)
  2 merfolk impalers
  2 merfolk javelineers
  5 deep elf high priests
  A rakshasa (Depths:3)
  8 ice dragons
  A quicksilver dragon skeleton (Crypt:3)
  7 great orbs of eyes
  A quicksilver dragon zombie (Crypt:2)
  32 vault guards
  A hell beast (Depths:2)
  6 salamander tyrants
  A ghost crab (Swamp:2)
  2 peacekeepers (Vaults:4)
  7 ironbound frosthearts
  5 radroaches
  19 hydras
  A sphinx zombie (Crypt:1)
  An alligator (shapeshifter) (Depths:3)
  6 ogre magi
  20 anacondas
  3 spriggan air magi
  18 two-headed ogres
  A bennu zombie (Crypt:1)
  13 centaur warriors
  4 tengu warriors
  6 alligators
  Erica (Lair:2)
  8 dancing weapons
  A death knight (Crypt:1)
  A death yak (Lair:1)
  7 boulder beetles
  A death scarab (Gauntlet)
  A spriggan skeleton (Crypt:3)
  15 shock serpents
  9 deep troll shamans
  An orc high priest (Vaults:4)
  8 vampire magi
  Urug (Lair:4)
  7 deep troll earth magi
  4 occultists
  2 shock serpents (shapeshifter)
  2 spriggan berserkers
  A titan zombie (Crypt:2)
  11 hell knights
  9 naga warriors
  14 naga sharpshooters
  Nergalle (D:11)
  11 deep elf knights
  2 sun demons
  2 soul eaters
  34 skeletal warriors
  8 skysharks
  10 iron trolls
  7 salamander mystics
  5 sixfirhies
  2 death drakes (Depths:4)
  5 goliath frogs
  2 sea snakes (Snake:3)
  7 flayed ghosts
  42 deep trolls
  A sea snake (shapeshifter) (WizLab)
  A mana viper (shapeshifter) (WizLab)
  An orb spider (shapeshifter) (Depths:3)
  4 glowing orange brains
  16 mana vipers
  7 naga ritualists
  2 deep trolls (shapeshifter)
  11 swamp dragons
  A shadow dragon zombie (Vaults:3)
  2 death drakes (shapeshifter)
  16 lindwurms
  2 spriggan druids (Swamp:4)
  4 arcanists
  A harpy (shapeshifter) (WizLab)
  3 bog bodies
  An iron giant skeleton (Crypt:3)
  10 phantasmal warriors
  12 deep elf archers
  15 deep elf pyromancers
  2 steelbarb worms (shapeshifter) (Vaults:5)
  14 orc knights
  2 bunyip skeletons
  5 harpies (Vaults:3)
  12 deep elf zephyrmancers
  A fenstrider witch simulacrum (Crypt:3)
  2 orc sorcerers (Vaults:4)
  21 ironbound convokers
  17 necromancers
  2 stone giant zombies
  8 cyclopes
  A cyclops (shapeshifter) (Elf:1)
  2 shining eyes (shapeshifter)
  2 will-o-the-wisps
  41 ugly things
  2 tengu skeletons (Vaults:3)
  A goliath frog skeleton (Crypt:1)
  18 salamanders
  An alligator skeleton (Crypt:2)
  3 kobold blastminers
  12 elephants (Lair:5)
  A meliai (shapeshifter) (Elf:1)
  An elephant (shapeshifter) (Vaults:5)
  A large abomination (WizLab)
  A stone giant skeleton (Vaults:3)
  Joseph (D:8)
  2 smoke demons
  A centaur zombie (Crypt:3)
  16 moths of wrath
  7 guardian serpents
  18 vault sentinels
  A titan simulacrum (Crypt:3)
  2 black mambas (shapeshifter)
  35 black mambas
  6 torpor snails
  27 naga magi
  An eye of devastation (shapeshifter) (WizLab)
  5 cane toads
  Jeremiah (D:8)
  A dire elephant skeleton (Crypt:3)
  Maggie (D:8)
  11 komodo dragons
  A rime drake (Lair:5)
  An unseen horror (shapeshifter) (WizLab)
  6 freezing wraiths
  5 kobold demonologists
  A bunyip simulacrum (Crypt:3)
  2 ice devils (D:13)
  31 yaktaurs
  2 alligator snapping turtle skeletons
  An efreet (D:14)
  2 tengu conjurers (Depths:4)
  2 guardian mummies (Crypt:3)
  6 trolls
  A troll (shapeshifter) (WizLab)
  A red devil (D:11)
  7 polar bears
  3 wind drakes (Zot:2)
  A merfolk (shapeshifter) (WizLab)
  2 hellwings (D:11)
  A hydra zombie (Crypt:3)
  A merfolk (D:10)
  A guardian serpent zombie (Crypt:2)
  21 hornets
  13 tyrant leeches
  11 blink frogs
  A dream sheep (shapeshifter) (WizLab)
  6 glass eyes
  A saltling (Vaults:4)
  An ettin zombie (Crypt:3)
  A harpy skeleton (Crypt:3)
  A dream sheep (Zot:5)
  A blink frog (shapeshifter) (WizLab)
  A centaur simulacrum (D:14)
  2 snapping turtles (shapeshifter) (WizLab)
  Sigmund (D:2)
  22 slime creatures
  21 spriggans
  An ettin skeleton (Vaults:3)
  A culicivora (shapeshifter) (Elf:1)
  9 wraiths
  3 shadows
  2 wyverns
  A guardian serpent skeleton (Crypt:1)
  An ushabti (Crypt:3)
  An air elemental (Elf:1)
  70 yaks
  A vampire (D:11)
  19 water elementals
  4 basilisks
  A warg (D:15)
  A yak (shapeshifter) (WizLab)
  2 fire elementals (Elf:2)
  9 vampire mosquitoes
  5 steam dragons
  A yaktaur simulacrum (Vaults:3)
  A redback (shapeshifter) (WizLab)
  3 redbacks (Vaults:2)
  A golden eye (shapeshifter) (Vaults:4)
  A spectral cane toad (Gauntlet)
  A red draconian simulacrum (Zot:4)
  An iron golem (WizLab)
  50 nagas
  16 swamp worms
  A water nymph zombie (Crypt:2)
  A deep troll zombie (Crypt:2)
  A fire bat zombie (Crypt:3)
  2 naga zombies
  2 acid dragons
  17 water moccasins
  14 swamp drakes
  17 orc warriors
  5 black bears
  A glowing shapeshifter skeleton (Vaults:3)
  A lindwurm zombie (Crypt:3)
  25 ogres
  25 laughing skulls
  6 small abominations (WizLab)
  A crocodile (shapeshifter) (WizLab)
  35 wolves
  A hog zombie (Crypt:3)
  2 tengu (shapeshifter)
  A blink frog skeleton (Crypt:2)
  A boggart (Vaults:3)
  7 centaurs
  A phantom (D:6)
  3 kobold brigands
  An elf zombie (Ossuary)
  16 bullfrogs
  4 gnoll sergeants
  2 earth elementals (Elf:2)
  3 necrophages
  A draconian skeleton (Crypt:3)
  3 scorpions
  6 human skeletons
  17 wights
  5 killer bees (D:11)
  A spriggan zombie (Crypt:3)
  A yak skeleton (Crypt:2)
  A bombardier beetle (D:5)
  2 howler monkeys
  4 electric eels
  2 crimson imps (D:11)
  A wolf skeleton (Crypt:3)
  2 quasits (D:11)
  A human simulacrum (Vaults:3)
  5 hounds
  A human zombie (Crypt:3)
  A bombardier beetle (shapeshifter) (Vaults:5)
  8 orc priests
  7 jellies
  A sleepcap (D:6)
  Terence (D:2)
  11 orc wizards
  6 iguanas
  5 polar bear simulacra (Lair:2)
  3 yak simulacra (Lair:2)
  2 wolf simulacra (Lair:2)
  A naga skeleton (Crypt:1)
  An ogre skeleton (Crypt:3)
  23 gnolls
  7 adders
  A shadow imp (D:6)
  A white imp (D:7)
  2 dart slugs
  2 ribbon worms
  67 orcs
  6 bats
  3 endoplasms (D:2)
  3 giant cockroaches
  11 goblins
  2 hobgoblins
  13 kobolds
  4 quokkas
  8 ball pythons
  A bombardier beetle zombie (Crypt:2)
  2 frilled lizards
  A jackal skeleton (Crypt:1)
  A kobold skeleton (Crypt:1)
  An orc zombie (Ossuary)
  4 rats
  A rat skeleton (Crypt:3)
  A river rat simulacrum (Lair:2)
  4 aspiring fleshes
2152 creatures vanquished.

Vanquished Creatures (collateral kills)
  2 ancient liches
  An electric golem (Zot:4)
  3 Orb Guardians (Zot:5)
  2 titans (Vaults:5)
  A death cob (Zot:2)
  A shadow dragon (Vaults:5)
  A storm dragon (Zot:2)
  2 protean progenitors (Zot:5)
  2 draconian scorchers (Zot:4)
  A vault warden (Vaults:5)
  3 ironbound preservers
  2 green draconians (Zot:4)
  A yellow draconian (Zot:4)
  2 black draconians
  A red draconian (Zot:3)
  2 white draconians
  A great orb of eyes (Zot:1)
  A jiangshi (Crypt:3)
  A yaktaur captain (Vaults:5)
  A radroach (Zot:5)
  A phantasmal warrior (Vaults:5)
  A necromancer (Zot:1)
  2 moths of wrath
  A hornet (Swamp:1)
  A dream sheep (Zot:5)
  An aspiring flesh (Zot:5)
38 creatures vanquished.

Vanquished Creatures (others)
  18 eldritch tentacles
  A fire giant (Depths:3)
  An alligator (Swamp:1)
  A naga ritualist (Snake:1)
  A deep elf archer (Elf:2)
  A deep elf pyromancer (Elf:2)
  A cyclops (D:15)
  A naga mage (Snake:3)
  2 bloated husks
  A naga (Snake:3)
  A moth of wrath simulacrum (Zot:4)
  A scorpion (D:4)
  An electric eel (Lair:1)
  An iguana (Lair:5)
  An orc wizard (D:9)
  A gnoll (D:8)
  An orc (D:4)
  A hobgoblin (D:4)
  4 foxfires
  2 snaplasher vines (Depths:4)
42 creatures vanquished.

Grand Total: 2232 creatures vanquished

Notes
Turn   | Place    | Note
-------+----------+-------------------------------------------
     0 | D:1      | Strat the Draconian Alchemist began the quest for the Orb.
     0 | D:1      | Reached XP level 1. HP: 14/14 MP: 3/3
   141 | D:1      | Found Oddatz's Book Emporium.
   230 | D:1      | Reached XP level 2. HP: 20/20 MP: 0/5
   415 | D:1      | Found Fagaw's Antique Weapon Boutique.
   540 | D:1      | Found Ojou's Distillery.
   771 | D:2      | Learned a level 2 spell: Mercury Vapours
   787 | D:2      | Reached XP level 3. HP: 21/26 MP: 2/7
  1188 | D:2      | Noticed Terence
  1207 | D:2      | Learned a level 3 spell: Mephitic Cloud
  1355 | D:2      | Killed Terence
  1356 | D:2      | Reached XP level 4. HP: 33/33 MP: 1/8
  1493 | D:2      | Noticed Sigmund
  1705 | D:2      | Found a runed translucent door.
  1706 | D:2      | Noticed Crazy Yiuf
  1881 | D:2      | Killed Sigmund
  1882 | D:2      | Reached skill level 5 in Alchemy
  1882 | D:2      | Reached XP level 5. HP: 35/38 MP: 4/10
  2469 | D:3      | Reached XP level 6. HP: 44/45 MP: 11/11
  2640 | D:3      | Found a faded altar of an unknown god.
  2771 | D:1      | Bought a potion of curing for 42 gold pieces
  2771 | D:1      | Bought a potion of heal wounds for 70 gold pieces
  2967 | D:4      | You fall into a shaft and drop 2 floors!
  3160 | D:6      | Reached skill level 1 in Fighting
  3223 | D:5      | Entered Level 5 of the Dungeon
  3442 | D:4      | Your scales start taking on a lurid green colour.
  3442 | D:4      | Reached XP level 7. HP: 53/53 MP: 10/13
  3442 | D:4      | Gained mutation: Your system is resistant to poisons.
                  | (rPois) [Green Draconian growth]
  3486 | D:4      | Reached skill level 2 in Fighting
  3799 | D:4      | Learned a level 4 spell: Olgreb's Toxic Radiance
  3912 | D:4      | Learned a level 4 spell: Sticky Flame
  4110 | D:4      | Found a shimmering altar of Xom.
  4359 | D:4      | Found a staircase to the Ecumenical Temple.
  4464 | Temple   | Entered the Ecumenical Temple
  4533 | Temple   | Became a worshipper of Dithmenos the Shadowed
  4585 | D:5      | Reached skill level 3 in Fighting
  4761 | D:5      | Found an ornate altar of the Wu Jian Council.
  4761 | D:5      | Found a bloodstained altar of Trog.
  4776 | D:5      | Reached XP level 8. HP: 66/66 MP: 11/15
  4878 | D:5      | Reached skill level 4 in Fighting
  5055 | D:5      | Reached skill level 5 in Spellcasting
  5440 | D:6      | Found an opulent altar of Gozag.
  5695 | D:6      | Reached * piety under Dithmenos
  5913 | D:7      | Reached skill level 5 in Fighting
  5913 | D:7      | Reached skill level 5 in Stealth
  6023 | D:7      | Found a sand-covered staircase.
  6043 | Ossuary  | Entered an ossuary
  6150 | D:7      | Found a flagged portal.
  6177 | Bailey   | Entered a bailey
  6313 | Bailey   | Reached XP level 9. HP: 48/74 MP: 15/18
  6557 | Bailey   | Identified the +5 quarterstaff of Courage {drain, rPois
                  | SInv Stlth+}
  6675 | Bailey   | Noticed a two-headed ogre
  6735 | Bailey   | Killed a two-headed ogre
  6736 | Bailey   | Reached skill level 10 in Alchemy
  6922 | Bailey   | Identified the +2 rapier "Pievu" {holy, rPois Dex+2}
  7295 | D:7      | Reached skill level 6 in Fighting
  7426 | D:7      | Found a radiant altar of Vehumet.
  7430 | D:7      | Found a hide-covered altar of Uskayaw.
  7433 | D:7      | Found a blossoming altar of Fedhas.
  7869 | D:8      | Noticed Jeremiah
  7877 | D:8      | Reached ** piety under Dithmenos
  7881 | D:8      | Killed Jeremiah
  7882 | D:8      | Reached XP level 10. HP: 76/84 MP: 8/22
  7884 | D:8      | Noticed Joseph
  7894 | D:8      | Killed Joseph
  7895 | D:8      | Reached skill level 7 in Fighting
  7897 | D:8      | Noticed Maggie
  8232 | D:8      | Killed Maggie
  8597 | D:8      | Reached skill level 8 in Fighting
  8835 | D:8      | Found a glowing silver altar of Zin.
  8835 | D:8      | Noticed an angel
  9520 | D:9      | Noticed a two-headed ogre
  9538 | D:9      | Killed a two-headed ogre
  9539 | D:9      | Reached skill level 10 in Spellcasting
  9561 | D:9      | Reached skill level 9 in Fighting
 10041 | D:9      | Reached skill level 10 in Fighting
 10046 | D:9      | Reached *** piety under Dithmenos
 10353 | D:9      | Found a staircase to the Lair.
 11104 | D:10     | Entered Level 10 of the Dungeon
 11184 | D:10     | Reached XP level 11. HP: 95/95 MP: 25/25
 11317 | D:10     | Learned a level 1 spell: Apportation
 12941 | D:11     | Noticed a boulder beetle
 12963 | D:11     | Noticed Nergalle
 12976 | D:11     | Killed a boulder beetle
 12980 | D:11     | Killed Nergalle
 13328 | D:11     | Reached **** piety under Dithmenos
 14161 | D:12     | Found a staircase to the Orcish Mines.
 14161 | D:12     | Noticed a skeletal warrior
 14161 | D:12     | Noticed a skeletal warrior
 14161 | D:12     | Noticed a skeletal warrior
 14432 | D:12     | Noticed a skeletal warrior
 14647 | Lair:1   | Entered Level 1 of the Lair of Beasts
 14658 | Lair:1   | Reached skill level 5 in Dodging
 14661 | Lair:1   | Reached XP level 12. HP: 49/106 MP: 7/26
 15105 | D:9      | Reached ***** piety under Dithmenos
 15368 | Lair:1   | Noticed a death yak
 15406 | Lair:1   | Killed a death yak
 15407 | Lair:1   | Reached skill level 10 in Stealth
 16153 | Lair:2   | Reached skill level 1 in Invocations
 16172 | Lair:2   | Noticed a five-headed hydra
 16531 | Lair:2   | Noticed Erica
 16533 | Lair:2   | Noticed an eleionoma
 16541 | Lair:1   | Killed an eleionoma
 16667 | Lair:2   | Identified the amulet "Anetue" {Faith Int+3 Dex+3}
 17218 | Lair:2   | Found a staircase to the Swamp.
 17282 | Lair:2   | Found a staircase to the Snake Pit.
 17297 | Lair:2   | Reached XP level 13. HP: 106/113 MP: 22/27
 17301 | Lair:2   | Learned a level 3 spell: Swiftness
 17417 | Lair:2   | Reached skill level 5 in Invocations
 17560 | Lair:2   | Killed Erica
 18581 | Lair:3   | Reached skill level 10 in Dodging
 19136 | Lair:4   | Reached skill level 1 in Evocations
 19300 | Lair:4   | Found a viscous altar of Jiyva.
 19300 | Lair:4   | Found a staircase to the Slime Pits.
 19546 | Lair:4   | Noticed Urug
 19562 | Lair:4   | Killed Urug
 19827 | Lair:4   | Reached ****** piety under Dithmenos
 20052 | Lair:4   | Identified the maw talisman of Fortification {Will+ MP+9
                  | Int+2}
 20317 | Lair:5   | Entered Level 5 of the Lair of Beasts
 20347 | Lair:5   | Reached skill level 1 in Shapeshifting
 20917 | Lair:5   | Gained mutation: Your tail ends in a venomous barb. [Green
                  | Draconian growth]
 20917 | Lair:5   | Reached XP level 14. HP: 89/121 MP: 10/28
 21317 | Lair:5   | Reached skill level 5 in Shapeshifting
 21621 | Lair:5   | Noticed Nessos
 21643 | Lair:5   | Killed Nessos
 21644 | Lair:5   | Reached skill level 10 in Invocations
 22669 | Lair:5   | Reached skill level 1 in Short Blades
 23690 | D:1      | Bought a manual of Polearms for 1120 gold pieces
 23963 | D:12     | Reached skill level 1 in Polearms
 25429 | D:13     | Found a gate to the Vaults.
 25669 | D:13     | Reached skill level 5 in Polearms
 25669 | D:13     | Reached skill level 10 in Shapeshifting
 25723 | D:13     | Found a runed translucent gate.
 25723 | D:13     | Found a runed translucent gate.
 25723 | D:13     | Found a runed translucent gate.
 25744 | D:13     | Identified the ring of Syzuuthy {rElec rCorr}
 25816 | D:13     | Noticed Dittersdorf's ghost (journeyman MiBe)
 25841 | D:13     | Noticed a sphinx
 25842 | D:13     | Found a runed translucent door.
 25842 | D:13     | Noticed a frost giant
 26280 | Orc:1    | Entered Level 1 of the Orcish Mines
 26577 | Orc:2    | Entered Level 2 of the Orcish Mines
 26627 | Orc:2    | Reached XP level 15. HP: 126/126 MP: 29/29
 26691 | Orc:2    | Reached skill level 10 in Polearms
 26978 | Orc:2    | Found Ohuwn's Jewellery Shoppe.
 26978 | Orc:2    | Found Duosesidaz's Antique Weapon Shop.
 26978 | Orc:2    | Found Coneoq's Armour Boutique.
 26978 | Orc:2    | Found Sodirhib's Armour Shoppe.
 27119 | Orc:2    | Bought a +1 buckler of protection for 297 gold pieces
 27217 | Orc:2    | Found a staircase to the Elven Halls.
 27258 | Orc:2    | Found Zudduoteup's Armour Shoppe.
 27592 | D:14     | Found a gate leading to a gauntlet.
 27601 | Gauntlet | Entered a Gauntlet
 27601 | Gauntlet | Found a large runed translucent door.
 27601 | Gauntlet | Found a large runed translucent door.
 27601 | Gauntlet | Found a large runed translucent door.
 27601 | Gauntlet | Found a large runed translucent door.
 27601 | Gauntlet | Found a large runed translucent door.
 27601 | Gauntlet | Found a large runed translucent door.
 27601 | Gauntlet | Found a runed translucent door.
 27601 | Gauntlet | Found a transporter.
 27601 | Gauntlet | Found a transporter.
 27601 | Gauntlet | Found a runed translucent door.
 27601 | Gauntlet | Found a large runed translucent door.
 27601 | Gauntlet | Found a large runed translucent door.
 27601 | Gauntlet | Found a large runed translucent door.
 27601 | Gauntlet | Found a large runed translucent door.
 27601 | Gauntlet | Found a large runed translucent door.
 27601 | Gauntlet | Found a large runed translucent door.
 27606 | Gauntlet | Found a transporter.
 27621 | Gauntlet | Found a transporter.
 27635 | Gauntlet | Found a transporter.
 27648 | Gauntlet | Found a transporter.
 27664 | Gauntlet | Found a transporter.
 27727 | Gauntlet | Found a large runed translucent door.
 27727 | Gauntlet | Found a large runed translucent door.
 27728 | Gauntlet | Found a runed translucent gate.
 27728 | Gauntlet | Found a runed translucent gate.
 27728 | Gauntlet | Found a runed translucent gate.
 27730 | Gauntlet | Found a transporter.
 27740 | Gauntlet | Found a large runed translucent door.
 27741 | Gauntlet | Found a large runed translucent door.
 27746 | Gauntlet | Found a transporter.
 27764 | Gauntlet | Found a transporter.
 27776 | Gauntlet | Found a transporter.
 27936 | Gauntlet | Found a transporter.
 28000 | Gauntlet | Reached skill level 1 in Shields
 28007 | Gauntlet | Identified the +2 hat of the Unbroken {Slay+2}
 28021 | Gauntlet | Found a transporter.
 28057 | Gauntlet | Found a transporter.
 28067 | Gauntlet | Reached skill level 11 in Fighting
 28086 | Gauntlet | Identified the +0 pair of boots of Circular Logic {rN+
                  | Str+3 SInv}
 28102 | Gauntlet | Identified the ring "Zayxi" {rPois Will++}
 28118 | Gauntlet | Learned a level 5 spell: Irradiate
 28135 | Gauntlet | Identified the +8 morningstar "Feox" {drain, *Rage rPois
                  | rCorr Stlth+}
 28873 | D:14     | Found a stormy altar of Qazlal.
 29213 | D:15     | Entered Level 15 of the Dungeon
 29311 | D:15     | Found the dreamshard necklace {Acrobat *Dream}
 29354 | D:15     | Reached skill level 1 in Air Magic
 29910 | D:15     | Found a staircase to the Depths.
 29931 | D:15     | Found a broken altar of Ashenzari.
 30390 | Snake:1  | Entered Level 1 of the Snake Pit
 30731 | Snake:1  | Reached skill level 5 in Shields
 30731 | Snake:1  | Reached XP level 16. HP: 136/137 MP: 30/30
 31299 | Snake:1  | Found a shimmering blue altar of Sif Muna.
 31306 | Snake:1  | Identified the amulet of Juham {rC+ Regen+ MP+9}
 31434 | Snake:1  | Found a transporter.
 32025 | Snake:1  | Reached skill level 12 in Fighting
 32029 | Snake:1  | Reached skill level 15 in Alchemy
 32031 | Snake:1  | Gained mutation: You do not regenerate when monsters are
                  | visible. [mutagenic glow]
 32282 | Snake:1  | Found a transporter.
 32369 | Snake:1  | Lost mutation: You do not regenerate when monsters are
                  | visible. [potion of mutation]
 32369 | Snake:1  | Gained mutation: You expend magic power (3 MP) to
                  | strengthen your wands. [potion of mutation]
 32369 | Snake:1  | Gained mutation: You sometimes lose your temper in combat.
                  | [potion of mutation]
 32369 | Snake:1  | Gained mutation: Your muscles are strong. (Str +4, Int/Dex
                  | -1) [potion of mutation]
 32370 | Snake:1  | Lost mutation: You sometimes lose your temper in combat.
                  | [potion of mutation]
 32370 | Snake:1  | Lost mutation: Your muscles are strong. (Str +4, Int/Dex
                  | -1) [potion of mutation]
 32370 | Snake:1  | Gained mutation: Your body sometimes deteriorates upon
                  | taking damage. [potion of mutation]
 32785 | Snake:2  | Found a runed translucent door.
 32818 | Snake:2  | Found Kuroemem's Assorted Antiques.
 33099 | Snake:2  | Found a shimmering blue altar of Sif Muna.
 33138 | Snake:2  | Found Seetwot's Weapon Shop.
 33484 | Orc:2    | Bought the ring of the Genius {rN+ Will+ Dex+3 Slay+3} for
                  | 936 gold pieces
 33760 | Swamp:1  | Entered Level 1 of the Swamp
 33899 | Swamp:1  | Reached skill level 13 in Fighting
 34731 | Swamp:2  | Noticed Donald
 34743 | Swamp:2  | Killed Donald
 34880 | Swamp:2  | Reached XP level 17. HP: 150/150 MP: 31/31
 35591 | Swamp:2  | Noticed Jorgrun
 35604 | Swamp:2  | Killed Jorgrun
 35984 | Swamp:3  | Reached skill level 14 in Fighting
 36151 | Swamp:3  | Reached skill level 1 in Translocations
 36445 | Swamp:3  | Learned a level 4 spell: Passage of Golubria
 36486 | Swamp:4  | Entered Level 4 of the Swamp
 36734 | Swamp:4  | Noticed a tentacled monstrosity
 36744 | Swamp:4  | Killed a tentacled monstrosity
 36867 | Swamp:4  | Reached skill level 5 in Translocations
 37112 | Swamp:4  | Found a runed translucent gate.
 37112 | Swamp:4  | Found a runed translucent gate.
 37112 | Swamp:4  | Found a runed translucent gate.
 37115 | Swamp:4  | Noticed Zatibaps's ghost (journeyman FeAl)
 37350 | Swamp:4  | Learned a level 6 spell: Dispersal
 37523 | Swamp:4  | Got a decaying rune of Zot
 39328 | Snake:3  | Reached XP level 18. HP: 132/160 MP: 32/32
 39593 | Snake:3  | Learned a level 4 spell: Ignite Poison
 40036 | Snake:4  | Entered Level 4 of the Snake Pit
 41291 | Snake:4  | Noticed Vashnia
 41473 | Snake:4  | Killed Vashnia
 42332 | Snake:4  | Got a serpentine rune of Zot
 42723 | Vaults:1 | Entered Level 1 of the Vaults
 43277 | Vaults:1 | Reached skill level 10 in Translocations
 43602 | Vaults:1 | Found Foiriomp's General Store.
 44102 | Vaults:1 | Reached skill level 15 in Shapeshifting
 44287 | Vaults:1 | Reached XP level 19. HP: 167/167 MP: 35/35
 46368 | Vaults:3 | Reached skill level 15 in Fighting
 46377 | Vaults:3 | Found a staircase to the Crypt.
 46535 | Vaults:3 | Noticed Norris
 46825 | Vaults:3 | Found Dacwo's Armour Shoppe.
 46829 | Vaults:3 | Found Zuab's General Store.
 46863 | Vaults:3 | Bought a scroll of teleportation for 54 gold pieces
 47042 | Vaults:3 | Paralysed by a formless jellyfish for 1 turns
 47753 | Vaults:3 | Found Leco's Weapon Shoppe.
 47801 | Vaults:3 | Killed Norris
 47961 | Vaults:3 | Found Buihook's Assorted Antiques.
 47988 | Vaults:3 | Bought a potion of curing for 93 gold pieces
 47988 | Vaults:3 | Bought a scroll of teleportation for 93 gold pieces
 48017 | Vaults:3 | Reached skill level 16 in Fighting
 48017 | Vaults:3 | Reached XP level 20. HP: 180/180 MP: 38/38
 48399 | Snake:2  | Bought a potion of heal wounds for 140 gold pieces
 48399 | Snake:2  | Bought a bubbling white potion for 25 gold pieces
 48413 | Snake:2  | Learned a level 5 spell: Summon Forest
 48744 | Vaults:4 | Reached skill level 1 in Summonings
 49238 | Vaults:4 | Found a crumbling gateway.
 49636 | Vaults:4 | Reached skill level 17 in Fighting
 50015 | Vaults:4 | Identified the +0 mace of Feagaj {heavy, Fly rF+ Will+
                  | Dex+3}
 50016 | Vaults:4 | Identified the +0 leather armour of Dust Devil {rPois Will-
                  | Int+5}
 50510 | Depths:1 | Entered Level 1 of the Depths
 50734 | Depths:1 | Reached skill level 18 in Fighting
 50835 | Depths:1 | Found a one-way gate to the infinite horrors of the Abyss.
 50865 | Depths:1 | Found a corrupted altar of Lugonu.
 51031 | Depths:1 | Found a gateway to Hell.
 51897 | Depths:1 | Reached skill level 19 in Fighting
 52019 | Hell     | Entered the Vestibule of Hell
 52019 | Hell     | Noticed Geryon
 52066 | Depths:2 | Found a white marble altar of Elyvilon.
 52098 | Depths:2 | Noticed the Enchantress
 52120 | Depths:2 | Killed the Enchantress
 52324 | Depths:2 | Found a one-way gateway to a ziggurat.
 52545 | Depths:2 | Reached XP level 21. HP: 123/200 MP: 39/39
 52635 | Depths:2 | Found Hosa Sukk's Magic Scroll Boutique.
 52643 | Depths:2 | Bought a scroll of teleportation for 42 gold pieces
 52643 | Depths:2 | Bought a scroll of teleportation for 42 gold pieces
 52753 | Depths:2 | Reached skill level 20 in Fighting
 52866 | Depths:2 | Found a hide-covered altar of Uskayaw.
 52997 | Depths:2 | Found a one-way gate leading to the halls of Pandemonium.
 53626 | Depths:3 | Reached skill level 21 in Fighting
 53866 | Depths:3 | Noticed a juggernaut
 53890 | Depths:3 | Killed a juggernaut
 53930 | Depths:3 | Noticed a caustic shrike
 53936 | Depths:3 | Killed a caustic shrike
 54324 | Depths:3 | Found Fasimpemm's Jewellery Boutique.
 54325 | Depths:3 | Found Imycagh's Book Emporium.
 54325 | Depths:3 | Found Lerunk's Book Emporium.
 55218 | Depths:4 | Entered Level 4 of the Depths
 55317 | Depths:4 | Noticed Parghit
 55994 | Depths:4 | Noticed a golden dragon
 56019 | Depths:4 | Noticed a golden dragon
 56096 | Depths:4 | Reached XP level 22. HP: 146/215 MP: 40/40
 56152 | Depths:4 | Noticed a golden dragon
 56278 | Depths:4 | Noticed a golden dragon
 56292 | Depths:4 | Killed a golden dragon
 56334 | Depths:4 | Found Ydan's Distillery.
 56337 | Depths:4 | Found Ymomello's Book Boutique.
 56337 | Depths:4 | Found Carunt's Jewellery Shop.
 56340 | Depths:4 | Found Meav's Antique Armour Boutique.
 56342 | Depths:4 | Bought a potion of curing for 60 gold pieces
 56342 | Depths:4 | Bought a potion of curing for 60 gold pieces
 56342 | Depths:4 | Bought a potion of brilliance for 80 gold pieces
 56354 | Depths:4 | Bought a potion of invisibility for 160 gold pieces
 56360 | Depths:4 | Bought a potion of mutation for 160 gold pieces
 56360 | Depths:4 | Bought a potion of mutation for 160 gold pieces
 56363 | Depths:4 | Bought Koolot's Compilation of Jinxing and Chemistry for
                  | 748 gold pieces
 56369 | Depths:4 | Learned a level 5 spell: Yara's Violent Unravelling
 56489 | Depths:4 | Killed a golden dragon
 56515 | Depths:4 | Noticed a golden dragon
 56530 | Depths:4 | Killed a golden dragon
 56675 | Depths:3 | Killed a golden dragon
 56815 | Depths:4 | Killed a golden dragon
 56841 | Depths:4 | Found a gate to the Realm of Zot.
 56952 | Depths:4 | Noticed a golden dragon
 56970 | Depths:4 | Killed a golden dragon
 57190 | Depths:4 | Gained mutation: You occasionally lose the ability to drink
                  | potions when taking damage. [mutagenic glow]
 57201 | Depths:4 | Gained mutation: Your body often deteriorates upon taking
                  | damage. [mutagenic glow]
 57577 | Elf:1    | Entered Level 1 of the Elven Halls
 57627 | Elf:1    | Identified the serpent talisman of Sooxkay {rF+ Stlth+}
 57627 | Elf:1    | Noticed Aizul
 57638 | Elf:1    | Killed Aizul
 58072 | Elf:1    | Got the Textbook on Breccia
 58425 | Elf:1    | Learned a level 2 spell: Blink
 58506 | Elf:2    | Found Xiotent's Assorted Antiques.
 58522 | Elf:2    | Bought a potion of curing for 126 gold pieces
 58535 | Elf:2    | Learned a level 5 spell: Summon Mana Viper
 58563 | Elf:2    | Found a transporter.
 58563 | Elf:2    | Noticed Emurch's ghost (adept MiBe)
 58593 | Elf:2    | Found a transporter.
 58788 | Elf:2    | Found a runed translucent gate.
 58788 | Elf:2    | Found a runed translucent gate.
 58794 | Elf:2    | Reached skill level 1 in Hexes
 58795 | Elf:2    | Found a runed translucent gate.
 59028 | Elf:3    | Entered Level 3 of the Elven Halls
 59205 | Elf:3    | Reached skill level 5 in Summonings
 59863 | Elf:3    | Identified the amulet of the Raven {Spirit rC+ Will+ Str+3
                  | Stlth+}
 59890 | Elf:3    | Identified the +0 leather armour of the Last Demons {rF+
                  | Will- Int+7}
 60099 | Elf:3    | Identified the +9 whip of Action {flame, ^Fragile rElec
                  | rPois Str-5 SInv}
 60120 | Elf:3    | Got the Disquisition on Ironbound Chilblains
 60144 | Elf:3    | Identified a scroll of acquirement
 60144 | Elf:3    | Acquired 1158 gold pieces
 60163 | Elf:3    | Identified the +11 rapier of the Shining Light {pain,
                  | Will++}
 60163 | Elf:3    | Identified the ring "Qoorhiurr" {Ice Slay+5}
 60200 | Elf:3    | Identified the ring "Bami" {rC+ Str+5 Int+2}
 60223 | Elf:3    | Got the Codex of Transmutation and the Legion
 60227 | Elf:3    | Got the Guide on Overcast Impurities
 60766 | Crypt:1  | Entered Level 1 of the Crypt
 60893 | Crypt:1  | Reached XP level 23. HP: 218/222 MP: 41/41
 61009 | Crypt:1  | Reached skill level 15 in Spellcasting
 61064 | Crypt:1  | You are sucked into a shaft and drop 1 floor!
 62762 | Crypt:2  | Reached skill level 10 in Summonings
 63517 | Crypt:3  | Entered Level 3 of the Crypt
 63628 | Crypt:3  | Found a staircase to the Tomb.
 63795 | Crypt:3  | Found a magical portal.
 63800 | WizLab   | Entered Cigotuvi's Fleshworks
 63967 | WizLab   | Lost mutation: You sometimes lose the ability to drink
                  | potions when taking damage. [potion of mutation]
 63967 | WizLab   | Lost mutation: Your body often deteriorates upon taking
                  | damage. [potion of mutation]
 63967 | WizLab   | Lost mutation: Your body sometimes deteriorates upon taking
                  | damage. [potion of mutation]
 63967 | WizLab   | Gained mutation: You have a somewhat thin skeletal
                  | structure. (Dex +2, Stealth+) [potion of mutation]
 63967 | WizLab   | Gained mutation: You have very sharp teeth. [potion of
                  | mutation]
 64574 | WizLab   | Found the +4 Cigotuvi's embrace {Corpsefed rMiasma ^Drain
                  | rN+}
 64673 | WizLab   | Reached skill level 22 in Fighting
 66460 | Crypt:3  | Noticed an ancient lich
 66482 | Crypt:3  | Killed an ancient lich
 66686 | Crypt:3  | Identified the staff of Dithmenos {rF+ Int+3 Dex+3 Fire}
 66686 | Crypt:3  | Identified the ring of Ascent {+Blink rPois rC++ rN+}
 66726 | Crypt:3  | Noticed an ancient lich
 66734 | Crypt:3  | Killed an ancient lich
 66735 | Crypt:3  | Reached skill level 23 in Fighting
 66761 | Crypt:3  | Found an ancient bone altar of Kikubaaqudgha.
 66763 | Crypt:3  | Found a basalt altar of Yredelemnul.
 66815 | Crypt:3  | Identified the ring of Lihaprif {rN+ Will+ rCorr}
 66815 | Crypt:3  | Identified the ring "Figgenom" {^Drain Fly rC+ rN+ Int+5}
 66821 | Crypt:3  | Got Ikheasynt's Cyclopedia of Helpful Hail
 66871 | Crypt:3  | Identified the +5 war axe of a sewer {freeze, Dex+6}
 67191 | Vaults:5 | Entered Level 5 of the Vaults
 67368 | Vaults:4 | Reached XP level 24. HP: 194/236 MP: 43/43
 68154 | Vaults:5 | Reached skill level 24 in Fighting
 68277 | Vaults:5 | Identified the +5 mace "Suskyi Hofoi" {freeze, SInv Stlth+}
 68297 | Vaults:5 | Got a silver rune of Zot
 68647 | Vaults:5 | Learned a level 7 spell: Malign Gateway
 68774 | Vaults:5 | Identified the +8 mace of the Swamp {protect, rN+ Dex-3
                  | Stlth+}
 68827 | Vaults:5 | Identified the +10 executioner's axe of Incongruity
                  | {freeze, rF+ rCorr}
 68827 | Vaults:5 | Identified the +1 leather armour of Infinity {rPois SInv}
 69276 | Vaults:5 | Identified the +1 longbow "Adghim" {antimagic, +Blink
                  | Dex+3}
 69287 | Vaults:5 | Found the +6 shillelagh "Devastator" {shatter}
 69358 | Vaults:5 | Identified the +1 halberd of Doom {protect, Dex+5}
 69589 | Vaults:5 | Identified the +1 pair of gloves of Bellicose Wonder {Fly
                  | rN+}
 69877 | Zot:1    | Entered Level 1 of the Realm of Zot
 70337 | Zot:1    | Found the +8 pair of quick blades "Gyre" and "Gimble"
                  | {protect}
 70469 | Zot:1    | Noticed a dread lich
 70510 | Zot:1    | Killed a dread lich
 71287 | Zot:2    | Reached XP level 25. HP: 233/245 MP: 43/43
 71403 | Zot:2    | Found Ihoixky's Changing Room.
 72793 | Zot:3    | Found a runed translucent gate.
 72793 | Zot:3    | Found a runed translucent gate.
 72793 | Zot:3    | Found a runed translucent gate.
 72793 | Zot:3    | Noticed Cyqimiab's ghost (legendary MfGl)
 72794 | Zot:3    | Noticed a dread lich
 73052 | Zot:4    | Identified the ring "Raell" {Ice rElec Will+ rCorr Int+3}
 73052 | Zot:4    | Identified the death talisman "Kiecosha" {Fly rC++ Will+
                  | Stlth-}
 73052 | Zot:4    | Noticed Josephina
 73291 | Zot:4    | Reached skill level 15 in Summonings
 73293 | Zot:4    | Reached skill level 15 in Translocations
 74656 | Zot:5    | Entered Level 5 of the Realm of Zot
 74657 | Zot:5    | Noticed an ancient lich
 74943 | Zot:5    | Noticed a Killer Klown
 74957 | Zot:5    | Killed a Killer Klown
 75100 | Zot:5    | Identified the ring "Ziliestru" {Wiz ^Contam rPois rC+}
 75290 | Zot:5    | Noticed a Killer Klown
 75304 | Zot:5    | Killed a Killer Klown
 75436 | Zot:5    | Noticed an orb of fire
 75463 | Zot:5    | Noticed a Killer Klown
 75488 | Zot:5    | Killed a Killer Klown
 75564 | Zot:5    | Noticed an orb of fire
 75740 | Zot:5    | Gained mutation: Your spells are a little easier to cast,
                  | but a little less powerful. [an orb of fire]
 75743 | Zot:5    | Gained mutation: You are weak. (Str -2) [an orb of fire]
 75750 | Zot:5    | Killed an orb of fire
 75862 | Zot:5    | Noticed an orb of fire
 75879 | Zot:5    | Gained mutation: Your large and strong wings let you fly.
                  | [an orb of fire]
 75899 | Zot:5    | Killed an orb of fire
 75903 | Zot:5    | Killed an orb of fire
 75904 | Zot:5    | Reached skill level 25 in Fighting
 76086 | Zot:5    | Gained mutation: You occasionally shout uncontrollably at
                  | your foes. [an orb of fire]
 76094 | Zot:5    | Noticed a dread lich
 76094 | Zot:5    | Gained mutation: You frequently scream uncontrollably at
                  | your foes. [an orb of fire]
 76097 | Zot:5    | Gained mutation: You are clumsy. (Dex -2) [an orb of fire]
 76102 | Zot:5    | Killed an orb of fire
 76213 | Zot:5    | Lost mutation: You expend magic power (3 MP) to strengthen
                  | your wands. [potion of mutation]
 76213 | Zot:5    | Lost mutation: Your spells are a little easier to cast, but
                  | a little less powerful. [potion of mutation]
 76213 | Zot:5    | Lost mutation: You have very sharp teeth. [potion of
                  | mutation]
 76213 | Zot:5    | Gained mutation: You are robust. (+10% HP) [potion of
                  | mutation]
 76214 | Zot:5    | Lost mutation: You are robust. (+10% HP) [potion of
                  | mutation]
 76214 | Zot:5    | Lost mutation: You are weak. (Str -2) [potion of mutation]
 76214 | Zot:5    | Lost mutation: Your large and strong wings let you fly.
                  | [potion of mutation]
 76214 | Zot:5    | Gained mutation: You are very clumsy. (Dex -4) [potion of
                  | mutation]
 76214 | Zot:5    | Gained mutation: Your flesh is heat resistant. (rF+)
                  | [potion of mutation]
 76214 | Zot:5    | Gained mutation: You are somewhat resistant to further
                  | mutation. [potion of mutation]
 76215 | Zot:5    | Lost mutation: You are somewhat resistant to further
                  | mutation. [potion of mutation]
 76215 | Zot:5    | Lost mutation: You have a somewhat thin skeletal structure.
                  | (Dex +2, Stealth+) [potion of mutation]
 76215 | Zot:5    | Lost mutation: You frequently scream uncontrollably at your
                  | foes. [potion of mutation]
 76215 | Zot:5    | Gained mutation: Your tail ends in a sharp venomous barb.
                  | [potion of mutation]
 76216 | Zot:5    | Lost mutation: You occasionally shout uncontrollably at
                  | your foes. [potion of mutation]
 76216 | Zot:5    | Lost mutation: Your flesh is heat resistant. (rF+) [potion
                  | of mutation]
 76216 | Zot:5    | Gained mutation: Your flesh is cold resistant. (rC+)
                  | [potion of mutation]
 76216 | Zot:5    | Gained mutation: You are covered in fur. (AC +1) [potion of
                  | mutation]
 76216 | Zot:5    | Lost mutation: You are very clumsy. (Dex -4) [potion of
                  | mutation]
 76253 | Zot:5    | Noticed an ancient lich
 76278 | Zot:5    | Killed an ancient lich
 76331 | Zot:5    | Killed a dread lich
 76332 | Zot:5    | Reached XP level 26. HP: 160/258 MP: 45/45
 76799 | Zot:5    | Noticed an orb of fire
 76830 | Zot:5    | Got the Orb of Zot
 76845 | Zot:5    | Gained mutation: You occasionally lose the ability to drink
                  | potions when taking damage. [an orb of fire]
 76849 | Zot:5    | Gained mutation: You occasionally lose the ability to read
                  | scrolls when taking damage. [an orb of fire]
 76850 | Zot:5    | Gained mutation: Your spells are a little easier to cast,
                  | but a little less powerful. [an orb of fire]
 76854 | Zot:5    | Gained mutation: You are dopey. (Int -2) [an orb of fire]
 76864 | Zot:5    | Killed an orb of fire
 77297 | D:5      | Noticed Faitwaet the pandemonium lord
 77410 | D:$      | Escaped with the Orb!

Illustrated notes

Levels and vault maps discovered:
D:1:      dpeg_arrival_lava_temple_mockup, layout_rooms, serial_shops, shop,
          shop_fountains, shop, serial_curves, eino_curves_01, eino_curves_03,
          kennysheep_small_spiral
D:2:      layout_basic, eino_tiny_chamber, st_stairs_12,
          uniq_crazy_yiuf_cottage, uniq_sigmund, uniq_terence
D:3:      layout_basic, chequers_ecumenical_altar_island
D:4:      layout_basic, xom_confusion_cloud, minmay_temple_entry_butterflies,
          kennysheep_generic_room_11
D:5:      layout_basic, jmf_multi_god_temple
D:6:      layout_gridville, mainiacjoe_overflow_24_doors,
          nicolae_twisty_statue_hallways
D:7:      layout_gridville, grunt_temple_overflow_diamond,
          chequers_ossuary_entry_cave, enter_bailey_3
D:8:      layout_layer_cave, zin_angel, uniq_maggie, uniq_jeremiah, uniq_joseph
D:9:      layout_layer_cave, lair_entry_dummy, minmay_fractal_squares_gapless_5
D:10:     layout_stronghold, hangedman_fish_farm
D:11:     layout_gridville, nicolae_demonic_statue_gallery, uniq_nergalle
D:12:     layout_basic, david_orc_2
D:13:     layout_basic, david_vaults_1, maelrawn_ghost_gauntlet_escape,
          portal_ice_cave_demonic_guard, grunt_ministairs_6,
          kennysheep_treasure_room
D:14:     layout_basic, serial_bayou, serial_bayou_shore_b,
          serial_bayou_crossing, serial_bayou_lagoon_a, serial_bayou_ford_a,
          grunt_qazlal_clouds, gauntlet_entry_generic
D:15:     hangedman_depths_entry_try_elsewhere_first, layout_basic,
          cheibrodos_ashenzari_chains
Temple:   nicolae_temple_great_sept
Lair:1:   layout_hall_layers, gammafunk_lair_bear_cave
Lair:2:   layout_cave_pods, alex1729_swamp_entry_worm_eleionoma,
          minmay_snake_entry_guardpost_small, serial_bayou_pond_d,
          eino_house_with_fridge, serial_bayou_shore_b, grunt_megastairs_4,
          uniq_erica
Lair:3:   layout_small_grid, cheibrodos_lair_caveside_slide, lemuel_fruit_tree,
          lemuel_fruit_fields
Lair:4:   layout_roguey, minmay_slime_entry_pillars,
          grunt_forest_large_clearings, infiniplex_staircase_pool, uniq_urug
Lair:5:   wormcave, layout_long_grid, guppyfry_lair_end_dragon,
          nicolae_lair_lil_pond, infiniplex_staircase_pool_2,
          serial_bayou_shore_b, grunt_megastairs_2, uniq_nessos
Swamp:1:  layout_falls_marsh, nicolae_swamp_treefoil
Swamp:2:  layout_basic_swamp, evilmike_swamp_ruin_house_1,
          nicolae_swamp_tree_isthmus, uniq_jorgrun, uniq_donald
Swamp:3:  layout_basic_swamp, hangedman_swamp_pad
Swamp:4:  swamp, layout_basic_swamp, gammafunk_ghost_split
Snake:1:  gammafunk_sealed_library, layout_misc_corridors, special_room
Snake:2:  cheibrodos_toxic_ritual, layout_misc_corridors, basic_altar,
          serial_shops, shop, grunt_megastairs_3, minmay_shop_star
Snake:3:  layout_layer_cave, serial_bayou_shore_a
Snake:4:  snake_pit_salamanders_mu, layout_misc_corridors,
          nicolae_snake_flat_spine, uniq_vashnia
Orc:1:    layout_caves, mines2_david, uniq_harold
Orc:2:    st_orc_ogre_mass, layout_caves, serial_shops, shop
Elf:1:    minmay_elf_arrival_plus, layout_loops_cross,
          nicolae_elf_shapeshifter_party, dk_noncrumbling_2,
          serial_sigils_hangedman_quiver, uniq_aizul
Elf:2:    elven_hall_of_blades_hangedman_original
          [nicolae_blade_entry_pointy_end], layout_geoelf_grid,
          gammafunk_ghost_arena, serial_shops, shop_statue
Elf:3:    elf_hall, layout_loops_cross
Vaults:1: vaults_room_pools, nicolae_vaults_diamond_2, vaults_room_grid,
          nicolae_vaults_trapezoid_lopsided_3, grunt_vaults_swirl,
          nicolae_vaults_octothorpe, hangedman_vaults_hat,
          vaults_dpeg_emergency_exit, layout_vaults_quadrants, serial_shops,
          shop
Vaults:2: vaults_room_hangedman_quadrants,
          vaults_standard_mumra_enter_the_diamond,
          nicolae_vaults_little_squares_2, nicolae_vaults_shrinking_rooms_2,
          hangedman_vaults_snaps, hangedman_vaults_stretched_pinwheel, v_misc_2,
          dpeg_vaults_monster_box, vaults_dpeg_encased_lava,
          vaults_room_hallway, layout_vaults_big_room
Vaults:3: nicolae_vaults_network_quinsquares
          [nicolae_vaults_network_quincunx_subvault,
          nicolae_vaults_network_quincunx_subvault,
          nicolae_vaults_network_quincunx_subvault,
          nicolae_vaults_network_quincunx_subvault],
          hangedman_vaults_river_flow, nicolae_vaults_door_testing_chamber,
          nicolae_vaults_six-pack, minmay_crypt_entry_skeletal_spiral,
          nicolae_vaults_hexular_roomagon, nicolae_vaults_steering_wheel,
          nicolae_vaults_double_plus_2, hangedman_vaults_corner,
          nicolae_vaults_tangram_1, layout_vaults_maze_snakey, serial_shops,
          shop, shop, shop, shop, uniq_norris
Vaults:4: portal_desolation_entry_salt, vaults_room_door_hall,
          nicolae_vaults_storing_the_good_stuff,
          nicolae_vaults_inception_scallops, nicolae_vaults_house_2,
          nicolae_vaults_big_angled_halls, v_misc_16, vaults_dpeg_ring,
          hangedman_vaults_stagger, nicolae_vaults_trapezoid_lopsided_2,
          v_misc_1, nicolae_vaults_trapezoid_lopsided_1,
          ontoclasm_vaults_hangar, minmay_orc_keep,
          nicolae_vaults_little_squares_4, v_alt_pattern_3, v_alt_pattern_2,
          layout_vaults_ring
Vaults:5
Crypt:1:  layout_basic, grunt_crypt_arrival_split
Crypt:2:  layout_chaotic_city, serial_sigils_hangedman_gut, chequers_big_river,
          grunt_megastairs_5
Crypt:3:  lightli_unholy_cathedral, layout_chaotic_city,
          tomb_entry_forgotten_bobbens, mu_enter_wizlab_1
Depths:1: nicolae_moon_pools, layout_basic, abyss_entry_flame_altar,
          serial_glass, glass_columns_b, glass_columns_b, due_unseen_surprise,
          minmay_strange_pillars, hell_entry, kennysheep_generic_room_15
Depths:2: lemuel_troll_bridge, layout_cave_pools, enter_ziggurat_e, hell_entry,
          elyvilon_altar_1, serial_shops, shop_statue, abyss_entry,
          grunt_pan_entry_zigzag, nicolae_uskayaw_murder_on_the_dancefloor,
          uniq_enchantress
Depths:3: wad_courtyard, layout_gridlike, lightli_too_deep,
          abyss_entry_small_statue_room, pan_entry, grunt_decor_mini_mirrors,
          minmay_shop_grove
Depths:4: lemuel_castle_with_subvaults [lemuel_castle_interior_carwin_2],
          layout_basic, hellmouth_1, lightli_giant_bouncers, minmay_shoptagon,
          uniq_parghit
Hell
Zot:1:    layout_misc_corridors, lemuel_lich_library
Zot:2:    layout_gridlike, nicolae_transmutations_shop
Zot:3:    layout_misc_corridors, gammafunk_ghost_necromancy,
          regret_index_zotdec_stipple_waver
Zot:4:    layout_gridlike, regret_index_zotdec_iron_s, uniq_josephina
Zot:5:    layout_basic, regret_index_zotdec_plus

Skill      XL: |  1  2  3  4  5  6  7  8  9 10 11 12 13 14 15 16 17 18 19 20 21 22 23 24 25 |
---------------+----------------------------------------------------------------------------+-----
Spellcasting   | 3 4 6 8 10 12 14 16 18 | 18.5
Alchemy        | 4 5 7 8 9 10 11 12 14 15 16 | 16.2
Conjurations   | 2 |  2.0
Stealth        | 2 3 5 9 10 | 10.0
Fighting       | 1 3 5 6 10 11 13 14 16 19 21 23 24 25 | 25.5
Dodging        | 5 9 10 11 12 14 | 14.0
Invocations    | 4 9 10 | 10.0
Evocations     | 4 |  4.9
Shapeshifting  | 4 10 12 13 15 16 18 | 18.7
Short Blades   | 1 |  1.5
Polearms       | 7 12 | 12.0
Shields        | 5 |  5.0
Air Magic      | 2 |  2.0
Translocations | 7 10 11 13 15 | 15.0
Summonings     | 4 7 11 13 15 | 15.0
Hexes          | 2 |  2.0

Action                     |  1- 3 |  4- 6 |  7- 9 | 10-12 | 13-15 | 16-18 | 19-21 | 22-24 | 25-27 || total
---------------------------+-------+-------+-------+-------+-------+-------+-------+-------+-------++-------
  Melee: Unarmed           |     6 |       |       |       |       |       |       |       |       ||     6
         Long sword        |    12 |       |       |       |       |       |       |       |       ||    12
         Short sword       |    61 |   151 |   258 |   483 |   411 |       |       |       |       ||  1364
         Tailslap          |    14 |    28 |    43 |    92 |   179 |   180 |   309 |   398 |   150 ||  1393
         Punch             |       |       |     2 |    12 |     8 |       |       |       |       ||    22
         Lance             |       |       |       |       |   484 |  1006 |  1320 |  1769 |   588 ||  5167
         Maw               |       |       |       |       |   104 |   343 |   581 |   634 |   228 ||  1890
         Bite              |       |       |       |       |       |       |       |   159 |    98 ||   257
   Cast: Sting             |    25 |     3 |     9 |       |       |       |       |       |       ||    37
         Mercury Vapours   |    11 |    14 |    17 |     2 |       |       |       |       |       ||    44
         Mephitic Cloud    |     1 |     2 |    31 |    71 |   117 |    51 |   103 |    74 |     4 ||   454
         Olgreb's Toxic Ra |       |       |     6 |    46 |   106 |    71 |    80 |    56 |     9 ||   374
         Sticky Flame      |       |       |     3 |    71 |    94 |   132 |    66 |    12 |     5 ||   383
         Irradiate         |       |       |       |       |     8 |    76 |    37 |    48 |    16 ||   185
         Ignite Poison     |       |       |       |       |       |     3 |    13 |     1 |       ||    17
         Swiftness         |       |       |       |       |       |       |     1 |       |       ||     1
         Dispersal         |       |       |       |       |       |       |     1 |       |       ||     1
         Summon Forest     |       |       |       |       |       |       |     1 |     1 |       ||     2
         Summon Mana Viper |       |       |       |       |       |       |       |    39 |    36 ||    75
         Yara's Violent Un |       |       |       |       |       |       |       |     1 |       ||     1
         Malign Gateway    |       |       |       |       |       |       |       |     1 |    17 ||    18
         Apportation       |       |       |       |       |       |       |       |       |     1 ||     1
Ability: Breathe Noxious F |       |       |       |     1 |       |       |       |       |       ||     1
  Evoke: Wand              |       |       |     2 |    13 |    13 |     2 |     2 |     3 |     5 ||    40
    Use: Scroll            |       |       |    12 |    15 |     6 |     3 |     6 |    12 |     4 ||    58
         Potion            |       |       |     1 |     1 |     3 |    15 |     8 |     5 |    11 ||    44
   Stab: Sleeping          |     1 |       |     5 |     4 |    14 |    21 |    12 |    37 |    13 ||   107
         Confused          |       |     1 |    10 |    30 |    66 |    22 |    55 |    23 |     1 ||   208
         Paralysed         |       |       |       |     9 |       |       |       |       |       ||     9
         Distracted        |       |       |       |       |     3 |     8 |     7 |    19 |    11 ||    48
         Invisible         |       |       |       |       |     1 |       |       |       |       ||     1
         Petrifying        |       |       |       |       |       |       |       |       |     2 ||     2
 Armour: Skin              |    40 |    88 |   143 |   409 |   506 |   787 |   774 |   956 |   414 ||  4117
  Dodge: Dodged            |    58 |    88 |   158 |   447 |   720 |   759 |   638 |   820 |   341 ||  4029
  Block: Buckler           |       |       |       |       |    28 |   276 |   246 |   320 |   102 ||   972
   Form: Maw               |       |       |       |       |     1 |       |       |       |       ||     1
